Map: Acropolis LE

Players

sandboX - Winner!

  • Race: Zerg Zerg
  • League: Gold
  • Spawn Location: 11:00

A.I. 1 (Very Easy)

  • Race: Terran Terran
  • Spawn Location: 5:00

VOD

Have the link to the VOD?

Description

Time

  • Played on: Aug. 22, 2019, 8:52 p.m.
  • Length: 8:57
Show
View Real Time Build Order
Export as new Build Order

sandboX Zerg - Winner!

Build Orders: Hatch First 

Get SALT Encoding   

  12  0:01  Drone  
  13  0:15  Overlord  
  13  0:22  Drone  
  14  0:33  Drone x2  
  16  0:52  Hatchery  
  16  0:56  Drone  
  16  0:58  Drone  
  16  1:02  Drone  
  18  1:05  Extractor  
  17  1:22  Spawning Pool, Drone  
  17  1:26  Drone  
  18  1:33  Drone  
  19  1:46  Overlord  
  19  1:58  Drone  
  20  2:09  Zergling x4  
  20  2:10  Queen  
  20  2:11  Queen  
  26  2:18  Metabolic Boost  
  26  2:22  Drone  
  27  2:24  Drone  
  28  2:37  Drone x2  
  30  2:50  Hatchery  
  29  2:54  Drone  
  29  2:55  Drone  
  29  2:58  Drone  
  32  3:03  Overlord  
  32  3:10  Drone x2  
  32  3:11  Drone  
  35  3:25  Overlord, Drone  
  35  3:26  Drone x3  
  39  3:29  Drone  
  39  3:30  Drone  
  39  3:32  Drone  
  42  3:39  Queen  
  44  3:45  Roach Warren  
  43  3:54  Drone x5  
  48  3:57  Overlord  
  48  4:00  Overlord  
  48  4:04  Spore Crawler  
  48  4:08  Spore Crawler  
  46  4:15  Drone x4, Extractor  
  46  4:16  Extractor  
  48  4:41  Drone x7  
  48  4:42  Drone x5  
  60  4:49  Lair  
  60  4:55  Evolution Chamber  
  60  4:56  Drone x3  
  60  4:57  Evolution Chamber  
  61  5:10  Drone x11  
  72  5:24  Zerg Ground Armor Level 1, Zerg Missile Weapons Level 1  
  72  5:27  Extractor  
  71  5:32  Extractor  
  71  5:33  Extractor  
  69  5:45  Drone x3  
  69  5:46  Roach  
  69  5:49  Overlord x5  
  74  6:01  Glial Reconstitution  
  74  6:07  Hydralisk Den  
  74  6:11  Roach x17  
  107  6:34  Roach x3  
  107  6:35  Overlord  
  107  6:36  Overlord x5  
  107  6:39  Muscular Augments  
  113  7:06  Roach x18  
  149  7:23  Zergling x8  
  152  7:48  Hatchery  
  151  7:51  Hydralisk x5  
  151  7:55  Overlord x5  
  151  7:56  Overlord x2  
Show
View Real Time Build Order
Export as new Build Order

A.I. 1 (Very Easy) Terran 

Build Orders:  

Get SALT Encoding   

  12  0:00  SCV  
  13  0:13  SCV  
  14  0:17  Supply Depot  
  14  0:37  Refinery  
  14  0:42  Barracks  
  14  1:03  Supply Depot  
  14  1:12  Refinery  
  14  1:30  Marine, Orbital Command  
  15  1:49  Barracks Tech Lab  
  15  1:56  SCV  
  16  2:08  SCV  
  17  2:14  Marine  
  18  2:20  SCV  
  19  2:32  SCV  
  20  2:44  SCV  
  21  2:56  SCV  
  22  3:00  Marauder  
  24  6:35  SCV  
  24  6:36  Marine  
  24  6:37  Supply Depot  
  24  6:39  Factory  
  26  6:42  Command Center  
  27  6:47  SCV  
  27  6:59  SCV  
  27  7:00  Supply Depot  
  28  7:07  Marine  
  29  7:11  SCV  
  30  7:23  SCV  
  30  7:25  Starport  
  27  7:39  Marine  
  28  7:55  SCV  
  28  7:58  Refinery  
  29  8:02  SCV  
  28  8:07  Refinery, Starport Tech Lab  
  28  8:08  Hellion  
  28  8:09  SCV  
  28  8:23  Supply Depot  
  28  8:24  SCV  
  21  8:36  SCV  
Tags
 
League
Gold
Matchup
TvZ
Spawn Locations
Cross Positions
Add a new tag
Caveats
  • Supply blocks, unpowered buildings, or Contaminate may cause inaccurate times.
  • Supply counts are checked every 10 seconds.